 Dungeon Crawl Stone Soup version 0.21-a0-156-g77413b7 (webtiles) character file.

5744 Serafim the Cleaver (level 10, -13/88 HPs)
             Began as a Minotaur Fighter on Aug 4, 2017.
             Was a Priest of Okawaru.
             Mangled by a two-headed ogre
             ... wielding a +0 giant club
              (25 damage)
             ... on level 8 of the Dungeon.
             The game lasted 00:27:47 (6693 turns).

Serafim the Cleaver (Minotaur Fighter)              Turns: 6693, Time: 00:27:48

Health: -13/88     AC: 10    Str: 24    XL:     10   Next: 49%
Magic:  9/9        EV: 11    Int:  5    God:    Okawaru [***...]
Gold:   489        SH: 12    Dex: 13    Spells: 9/9 levels left

rFire    . . .     SeeInvis .   a - +0 war axe
rCold    . . .     Gourm    .   c - +0 shield
rNeg     . . .     Faith    .   b - +0 scale mail
rPois    .         Spirit   .   (helmet restricted)
rElec    .         Reflect  .   (no cloak)
rCorr    .         Harm     +   v - +0 pair of gloves {Dex+3}
MR       +....                  (no boots)
Stlth    ..........             H - amulet of harm
HPRegen  0.24/turn              Q - ring of protection from magic
MPRegen  0.11/turn              (no ring)

@: no status effects
A: retaliatory headbutt, horns 2, shaggy fur 1, evolution 1
a: Heroism, Renounce Religion


You were on level 8 of the Dungeon.
You worshipped Okawaru.
Okawaru was most pleased with you.
You were not hungry.

You visited 2 branches of the dungeon, and saw 9 of its levels.

You collected 489 gold pieces.

Inventory:

Hand Weapons
 a - a +0 war axe (weapon)
 u - a +2 mace of protection
 K - a +2 whip of freezing
 V - a +3 great sword of freezing
 W - the +9 trident "Worm" {protect, *Corrode +Blink rC++ Dex+8, unknown}
   (You found it on level 8 of the Dungeon)

   It protects the one who uses it against injury (+AC on strike).
   It affects your dexterity (+8).
   It greatly protects you from cold.
   It lets you blink.
   It may corrode you when you take damage.
Missiles
 k - 156 arrows
 m - 52 bolts
 r - 47 poisoned needles
 y - 3 throwing nets
 D - 7 curare-tipped needles
 G - 5 tomahawks of returning (quivered)
 O - 4 tomahawks
 X - 3 tomahawks of dispersal
Armour
 b - a +0 scale mail (worn)
 c - a +0 shield (worn)
 v - a +0 pair of gloves of dexterity (worn)
 S - a +0 cloak
Jewellery
 H - an amulet of harm (around neck)
 Q - a ring of protection from magic (left hand)
Wands
 n - a wand of flame (26/48)
 A - a wand of random effects (11/48)
 F - a wand of iceblast (6/15)
 I - a wand of polymorph (1/24)
 P - a wand of confusion (27/48)
 R - a wand of random effects (20/48)
Scrolls
 e - 3 scrolls of remove curse {unknown}
 h - 2 scrolls of immolation {unknown}
 i - a scroll of magic mapping {unknown}
 o - 2 scrolls of teleportation {unknown}
 s - 7 scrolls of identify {unknown}
 z - a scroll of noise {unknown}
 C - a scroll of recharging {unknown}
 N - 3 scrolls of enchant armour {unknown}
 T - a scroll of amnesia {unknown}
Potions
 d - a potion of might
 g - 3 potions of ambrosia {unknown}
 j - 6 potions of curing {unknown}
 l - 3 potions of mutation {unknown}
 q - 2 potions of haste {unknown}
 t - 2 potions of berserk rage {unknown}
 w - 3 potions of flight {unknown}
 B - a potion of lignification {unknown}
 E - 2 potions of brilliance {unknown}
 J - a potion of cancellation {unknown}
Books
 M - a book of Battle

   Spells                             Type                      Level
   a - Infusion                       Charms                       1
   b - Shroud of Golubria             Charms/Translocation         2
   c - Song of Slaying                Charms                       2
   d - Spectral Weapon                Hexes/Charms                 3
   e - Regeneration                   Charms/Necromancy            3
Comestibles
 f - 11 bread rations
 p - 7 royal jellies
 x - 5 meat rations
 L - 4 fruits
 U - 10 chunks of flesh


   Skills:
 + Level 7.7 Fighting
 + Level 12.5 Axes
 + Level 8.8 Armour
 + Level 3.8 Dodging
 + Level 8.9 Shields
 + Level 0.3 Evocations


You had 9 spell levels left.
You didn't know any spells.

Dungeon Overview and Level Annotations

Branches:
Dungeon (8/15)             Temple (1/1) D:6            Lair (0/6) D:8

Altars:
Ashenzari
Cheibriados
Dithmenos
Elyvilon
Fedhas
Gozag
Hepliaklqana
Kikubaaqudgha
Makhleb
Nemelex Xobeh
Okawaru
Qazlal
Ru
Sif Muna
Trog
Uskayaw
Vehumet
Wu Jian
Xom
Yredelemnul
Zin
The Shining One


Innate Abilities, Weirdness & Mutations

You reflexively headbutt those who attack you in melee.
You have a pair of horns on your head.
You are covered in fur. (AC +1)
You evolve.


Message History

The two-headed ogre is moderately wounded.
You block the two-headed ogre's attack.
The two-headed ogre hits you with a giant club!
You are too injured to fight recklessly!
You are too injured to fight recklessly!
You are too injured to fight recklessly!
You are too injured to fight recklessly!
You are too injured to fight recklessly!
You closely miss the two-headed ogre. You headbutt the two-headed ogre.
The two-headed ogre is moderately wounded.
You slash the two-headed ogre!
The two-headed ogre is severely wounded.
You block the two-headed ogre's attack.
The two-headed ogre hits you with a giant club!!
* * * LOW HITPOINT WARNING * * *
You hit the two-headed ogre.
Your headbutt misses the two-headed ogre.
The two-headed ogre is severely wounded.
The two-headed ogre hits you with a giant club!!
You die...

##### #####...#####
# ##...........##
#.####..............
#..................
#........@O)....!
#............... ###
#..##...........
#.###.#####.........
##....## ####......
##....### ###...
#......## #..
#.......# #.
#.#..[...#


You could see a two-headed ogre.

Vanquished Creatures
  Pikel (D:5)
  Maurice (D:8)
  Psyche (D:8)
  A komodo dragon (D:8)
  Grinder (D:6)
  The ghost of jotwebe the Ruffian, an amateur DrTm (D:4)
  Prince Ribbit (D:6)
  A hippogriff (D:7)
  A wyvern (D:7)
  A yak (D:8)
  3 hogs (D:8)
  A human (D:8)
  Duvessa (D:5)
  3 sky beasts
  3 ice beasts
  A phantom (D:5)
  An ogre (D:3)
  3 centaurs
  A big kobold (D:5)
  Blork the orc (D:5)
  A bullfrog (D:6)
  A wyvern zombie (D:7)
  Dowan (D:5)
  A scorpion (D:6)
  5 wights (D:8)
  3 howler monkeys (D:8)
  A crimson imp (D:6)
  4 hounds
  3 jellies
  3 orc priests
  2 centaur skeletons
  An iguana (D:4)
  9 orc wizards
  5 worker ants
  A worker ant zombie (D:7)
  8 gnolls
  11 adders
  2 shadow imps (D:6)
  An adder skeleton (D:8)
  2 adder zombies (D:5)
  A worm (D:2)
  A dart slug (D:3)
  8 leopard geckos
  17 orcs
  5 giant cockroaches
  15 goblins
  9 hobgoblins
  A jackal (D:6)
  2 quokkas
  8 bats
  10 frilled lizards
  6 kobolds
  A quokka zombie (D:6)
  9 rats
  2 plants (D:8)
188 creatures vanquished.

Vanquished Creatures (others)
  A hound skeleton (D:5)
  2 plants (D:8)
3 creatures vanquished.

Grand Total: 191 creatures vanquished

Notes
Turn   | Place    | Note
-------+----------+-------------------------------------------
     0 | D:1      | Serafim the Minotaur Fighter began the quest for the Orb.
     0 | D:1      | Reached XP level 1. HP: 19/19 MP: 0/0
   265 | D:1      | Reached XP level 2. HP: 27/27 MP: 1/1
   859 | D:1      | Reached XP level 3. HP: 28/33 MP: 2/2
  1018 | D:2      | Reached skill level 3 in Axes
  1309 | D:2      | Reached XP level 4. HP: 23/40 MP: 3/3
  2018 | D:3      | Reached skill level 1 in Dodging
  2332 | D:3      | Reached skill level 4 in Axes
  2346 | D:3      | Noticed an ogre
  2352 | D:3      | Reached XP level 5. HP: 42/46 MP: 4/4
  2356 | D:3      | Killed an ogre
  2356 | D:3      | Reached skill level 5 in Shields
  2398 | D:3      | Reached skill level 5 in Axes
  2400 | D:3      | Reached XP level 6. HP: 45/52 MP: 5/5
  2563 | D:4      | Noticed jotwebe's ghost (amateur DrTm)
  2580 | D:4      | Killed jotwebe's ghost
  2580 | D:4      | Reached skill level 6 in Axes
  2580 | D:4      | Reached skill level 5 in Armour
  2580 | D:4      | Reached XP level 7. HP: 26/60 MP: 6/6
  2626 | D:4      | Reached skill level 5 in Fighting
  3223 | D:5      | Entered Level 5 of the Dungeon
  3272 | D:5      | Found a blossoming altar of Fedhas.
  3276 | D:5      | Found a sacrificial altar of Ru.
  3281 | D:5      | Found a hazy altar of Hepliaklqana.
  3327 | D:5      | Found a shimmering altar of Xom.
  3354 | D:5      | Reached skill level 7 in Axes
  3434 | D:5      | Noticed Blork the orc
  3465 | D:5      | Killed Blork the orc
  3747 | D:5      | Reached XP level 8. HP: 57/68 MP: 7/7
  3953 | D:5      | Noticed Pikel
  3964 | D:5      | Killed Pikel
  3964 | D:5      | Reached skill level 8 in Axes
  4096 | D:5      | Noticed Duvessa
  4097 | D:5      | Noticed Dowan
  4106 | D:5      | Killed Duvessa
  4106 | D:5      | Reached skill level 9 in Axes
  4112 | D:5      | Killed Dowan
  4632 | D:6      | Reached XP level 9. HP: 70/75 MP: 8/8
  4730 | D:6      | Gained mutation: You evolve. [mutagenic meat]
  4905 | D:6      | Reached skill level 10 in Axes
  4936 | D:6      | Noticed Prince Ribbit
  4943 | D:6      | Killed Prince Ribbit
  5052 | D:6      | Found a staircase to the Ecumenical Temple.
  5081 | Temple   | Entered the Ecumenical Temple
  5090 | Temple   | Became a worshipper of Warmaster Okawaru
  5158 | D:6      | Noticed Grinder
  5167 | D:6      | Killed Grinder
  5388 | D:7      | Reached * piety under Okawaru
  5545 | D:7      | Reached skill level 11 in Axes
  5858 | D:7      | Gained mutation: You are covered in fur. (AC +1) [evolution]
  6377 | D:8      | Noticed Maurice
  6379 | D:8      | Reached XP level 10. HP: 71/86 MP: 9/9
  6388 | D:8      | Killed Maurice
  6388 | D:8      | Reached ** piety under Okawaru
  6501 | D:8      | Noticed Psyche
  6504 | D:8      | Killed Psyche
  6504 | D:8      | Reached skill level 12 in Axes
  6526 | D:8      | Got an ichor-stained trident
  6529 | D:8      | Found a staircase to the Lair.
  6604 | D:8      | Reached *** piety under Okawaru
  6604 | D:8      | Received a gift from Okawaru
  6685 | D:8      | Noticed a two-headed ogre
  6693 | D:8      | Mangled by a two-headed ogre

Vault maps used:
D:1:      minmay_arrival_widening_spiral_narrow
D:2:      first_bread
D:3:      minivault_14, minmay_ogre_servants
D:4:      minmay_lizard_king
D:5:      kennysheep_big_flooded_room, xom_butterflies,
          minmay_overflow_temple_star_quad, uniq_blork_the_orc, uniq_duvessa,
          uniq_pikel
D:6:      temple_statues, kennysheep_generic_room_16, uniq_prince_ribbit1,
          uniq_grinder
D:8:      david_lair_shrubbed, grunt_livestock, minmay_liquid_box, uniq_psyche,
          uniq_joseph, uniq_maurice
Temple:   nicolae_temple_no_exploring_needed

Skill      XL: |  1  2  3  4  5  6  7  8  9 10 |
---------------+-------------------------------+-----
Shields        | 4 5 6 8 |  8.9
Armour         | 4 5 6 7 8 |  8.8
Axes           | 3 4 5 6 7 9 11 12 | 12.5
Fighting       | 4 5 6 7 |  7.7
Dodging        | 1 2 3 |  3.8
Evocations     | |  0.3

Action                   |  1- 3 |  4- 6 |  7- 9 | 10-12 || total
-------------------------+-------+-------+-------+-------++-------
Melee: War axe           |    88 |   105 |   275 |    58 ||   526
       Headbutt          |    10 |    15 |    56 |     9 ||    90
       Unarmed           |       |       |     7 |       ||     7
Evoke: Wand              |       |       |     3 |       ||     3
  Eat: Chunk             |     1 |     5 |    13 |     1 ||    20
Armor: Scale mail        |    41 |    35 |    80 |    10 ||   166
       Skin              |       |       |     2 |       ||     2
Dodge: Dodged            |    16 |    34 |   105 |    14 ||   169
Block: Shield            |    46 |    59 |   110 |    26 ||   241
